 Dungeon Crawl Stone Soup version 0.28.0-53-g5a82cb258f (webtiles) character file.

Game seed: 9160609769273169983

1143 Doot the Magician (level 8, -3/75 HPs)
             Began as an Octopode Hedge Wizard on June 17, 2022.
             Slain by a two-headed ogre
             ... wielding a +0 giant club
              (4 damage)
             ... on level 6 of the Dungeon.
             The game lasted 00:14:30 (6084 turns).

Doot the Magician (Octopode Hedge Wizard)           Turns: 6084, Time: 00:14:31

Health: -3/75      AC: 28    Str: 10    XL:     8   Next: 37%
Magic:  8/15       EV:  2    Int: 24    God:
Gold:   151        SH:  0    Dex: 17    Spells: 6/17 levels left

rFire   . . .      SeeInvis .   a - +0 dagger
rCold   . . .      Faith    .   (no shield)
rNeg    . . .      Spirit   .   (helmet currently unavailable)
rPois   +          Reflect  .   (no amulet)
rElec   .          Harm     .   h - +4 ring of protection
rCorr   .          Rampage  .   c - +6 ring of intelligence
Will    .....      NoTele   +   k - +6 ring of dexterity
Stlth   +++.......              (no ring)
HPRegen 0.22/turn               (no ring)
MPRegen 0.14/turn               (no ring)
                                (no ring)
                                (no ring)

@: tree-form, on blink cooldown
A: stationary, stasis, torment immunity, boosted hp, almost no armour,
(amphibious), 8 rings, (camouflage 1), (gelatinous body 1), (nimble swimmer 1),
(tentacles)
a: no special abilities


You were on level 6 of the Dungeon.
You were a tree.
You visited 1 branch of the dungeon, and saw 6 of its levels.

You collected 151 gold pieces.

Inventory:

Hand Weapons
 a - a +0 dagger (weapon)
Missiles
 e - 6 poisoned darts
Armour
 b - a +0 hat (melded)
Magical Staves
 q - a staff of poison
Jewellery
 c - a +6 ring of intelligence (right branch)
 h - a +4 ring of protection (left branch)
 k - a +6 ring of dexterity (on tentacle)
Wands
 r - a wand of mindburst (11)
Scrolls
 d - 3 scrolls of enchant weapon {unknown}
 f - a scroll of noise {unknown}
 g - 5 scrolls of identify {unknown}
 j - a scroll of summoning {unknown}
 m - 2 scrolls of vulnerability {unknown}
 n - a scroll of fear {unknown}
 o - 4 scrolls of blinking {unknown}
 p - a scroll of silence {unknown}
 t - a scroll of magic mapping {unknown}
Potions
 i - a potion of invisibility {unknown}
 l - a potion of lignification
 s - a potion of might {unknown}


   Skills:
 + Level 2.2 Fighting
 + Level 2.3 Short Blades
 + Level 3.0 Dodging
 + Level 5.0 Stealth
 + Level 5.1 Spellcasting
 * Level 5.1 Conjurations
 + Level 1.8 Summonings
 + Level 1.1 Translocations
 + Level 0.1 Fire Magic
 + Level 0.9 Air Magic
 + Level 1.2 Poison Magic
 * Level 2.8 Evocations


You had 6 spell levels left.
You knew the following spells:

 Your Spells              Type           Power      Damage    Failure   Level
a - Magic Dart            Conj           100%       1d8       1%          1
b - Blink                 Tloc           22%        N/A       9%          2
c - Call Imp              Summ           15%        N/A       6%          2
d - Conjure Flame         Conj/Fire      19%        6-21      9%          3
e - Mephitic Cloud        Conj/Pois/Air  17%        N/A       10%         3

Your spell library contained the following spells:

 Spells                   Type           Power      Damage    Failure   Level
 Summon Small Mammal      Summ           60%        N/A       4%          1
 Apportation              Tloc           22%        N/A       5%          1
 Animate Skeleton         Necr           12%        N/A       9%          1
 Slow                     Hex            24%        N/A       9%          1
 Gell's Gravitas          Tloc           11%        N/A       16%         3
 Lesser Beckoning         Tloc           11%        N/A       16%         3
 Teleport Other           Tloc           11%        N/A       16%         3
 Blade Hands              Tmut           3%         N/A       94%         5
 Iron Shot                Conj/Erth      9%         9d3       99%         6
 Animate Armour           Summ/Erth      Unusable   N/A       N/A         4

Dungeon Overview and Level Annotations

Branches:
Dungeon (6/15)
 Temple: D:4-7

Altars:

Shops:
D:2 *

Annotations:
D:5 Dowan, Duvessa


Innate Abilities, Weirdness & Mutations

You are a tree.
Your roots penetrate the ground, keeping you stationary.
You cannot be teleported.
You are immune to unholy pain and torment.
Your maximum health is greatly increased.
You cannot wear most types of armour.
((You are amphibious.))
You can wear up to eight rings at the same time.
((Your skin changes colour to match your surroundings (Stealth+).))
((Your rubbery body absorbs attacks. (AC +1, EV +1)))
((You are camouflaged when in or above water. (Stealth+)))
((You have tentacles for arms and can constrict up to eight enemies at once.))


Message History

No target in view!
Found a robe.
Unknown command.
Unknown command.
A vampire comes into view.
The two-headed ogre shouts in stereo!
You hear a roar!
Things that are here:
a +0 trident; a +1 scale mail of positive energy
Casting: Conjure Flame (dangerous; 9% risk of failure)
Confirm with . or Enter, or press ? or * to list all spells.
The fire begins to smoulder!
The fire ignites!
Casting: Conjure Flame (dangerous; 9% risk of failure)
Confirm with . or Enter, or press ? or * to list all spells.
Aiming: Mephitic Cloud (dangerous; 10% risk of failure)
Press: ? - help, Shift-Dir - straight line, f - two-headed ogre
Aim: a two-headed ogre, wielding two +0 giant clubs (chance to affect: 53%)
The ball explodes into a vile cloud!
The stinking cloud engulfs the two-headed ogre but does no damage.
The two-headed ogre is engulfed in noxious fumes.
Unknown command.
Unknown command.
The two-headed ogre is engulfed in blazing flames.
Casting: Mephitic Cloud (dangerous; 10% risk of failure)
Confirm with . or Enter, or press ? or * to list all spells.
You blink.
Unknown command.
Casting: Blink (safe; 9% risk of failure)
Confirm with . or Enter, or press ? or * to list all spells.
Okay, then.
The two-headed ogre hits you with a +0 giant club!
The two-headed ogre closely misses you.
The two-headed ogre hits you with a +0 giant club!
The two-headed ogre hits you with a +0 giant club!!
Ouch! That really hurt!
* * * LOW HITPOINT WARNING * * *
It was a potion of lignification.
You turn into a tree.
Your +0 hat melds into your body.
Your roots penetrate the ground.
The two-headed ogre hits you with a +0 giant club.
You die...

.......##.O...)......#
..♣.^#.##........##.....
.♣♣..........###.# ##...
♣ ♣..........# #.# .. ♣
.♣♣♣..#...## #.# #
♣.♣♣♣.......####.#
♣♣♣♣..........##.#
..(...........##○##
♣♣♣♣..........##♣.#
♣.♣♣♣.........###O#
♣♣.♣♣♣........# #.##
♣♣♣...........# #..##
.♣♣...........# ##..#
..♣........O..# ##.#
#...##........## #.#
.###...........####.#
....................#


You could see a two-headed ogre.

Vanquished Creatures
  Sigmund (D:4)
  Edmund (D:5)
  An ice beast (D:6)
  A black bear (D:4)
  A sky beast (D:5)
  A necrophage (D:4)
  A water moccasin zombie (D:6)
  A jelly (D:6)
  2 orc priests
  2 bullfrog skeletons (D:6)
  A centaur skeleton (D:6)
  An iguana (D:4)
  Natasha (D:1)
  2 orc wizards (D:3)
  A killer bee zombie (D:6)
  7 adders
  An ufetubus (D:4)
  5 orcs
  4 endoplasms
  4 giant cockroaches
  6 goblins
  12 hobgoblins
  6 kobolds
  5 quokkas
  9 ball pythons
  4 bats
  7 frilled lizards
  10 rats
98 creatures vanquished.

Vanquished Creatures (collateral kills)
  2 adders
2 creatures vanquished.

Grand Total: 100 creatures vanquished

Notes
Turn   | Place    | Note
-------+----------+-------------------------------------------
     0 | D:1      | Doot the Octopode Hedge Wizard began the quest for the Orb.
     0 | D:1      | Reached XP level 1. HP: 11/11 MP: 4/4
   612 | D:1      | Reached XP level 2. HP: 17/17 MP: 3/6
   615 | D:1      | Learned a level 2 spell: Blink
   618 | D:1      | Learned a level 2 spell: Call Imp
  1559 | D:1      | Reached XP level 3. HP: 21/21 MP: 6/8
  1563 | D:1      | Learned a level 3 spell: Conjure Flame
  2079 | D:1      | Found a faded altar of an unknown god.
  2328 | D:2      | Reached XP level 4. HP: 25/27 MP: 5/9
  2367 | D:2      | Found Cuppiuni's Assorted Antiques.
  2693 | D:2      | Noticed Natasha
  2706 | D:1      | Killed Natasha
  2707 | D:1      | Reached XP level 5. HP: 29/31 MP: 4/11
  3079 | D:3      | Learned a level 3 spell: Mephitic Cloud
  4084 | D:4      | Noticed Sigmund
  4153 | D:4      | Noticed a necrophage
  4160 | D:4      | Reached XP level 6. HP: 37/37 MP: 12/12
  4177 | D:4      | Killed a necrophage
  4178 | D:4      | Reached skill level 1 in Fighting
  4178 | D:4      | Reached skill level 1 in Short Blades
  4526 | D:4      | Noticed a black bear
  4531 | D:4      | Killed a black bear
  4532 | D:4      | Reached XP level 7. HP: 43/43 MP: 9/13
  4652 | D:4      | Killed Sigmund
  4653 | D:4      | Reached skill level 1 in Evocations
  4846 | D:5      | Entered Level 5 of the Dungeon
  4846 | D:5      | Noticed Edmund
  4883 | D:5      | Noticed Duvessa
  4883 | D:5      | Noticed Dowan
  5400 | D:5      | Killed Edmund
  5401 | D:5      | Reached skill level 5 in Spellcasting
  5401 | D:5      | Reached skill level 1 in Poison Magic
  5401 | D:5      | Reached XP level 8. HP: 39/50 MP: 8/15
  5659 | D:6      | Noticed a six-headed hydra
  5673 | D:6      | Noticed a two-headed ogre
  5693 | D:6      | Reached skill level 5 in Stealth
  5819 | D:6      | Reached skill level 5 in Conjurations
  6053 | D:6      | Noticed a vampire
  6083 | D:6      | HP: 1/50 [two-headed ogre/+0 giant club (26)]
  6084 | D:6      | Slain by a two-headed ogre

Illustrated notes

Levels and vault maps discovered:
D:1:      erik_arrival_orb_chamber, layout_rooms,
          shapermc_ecumenical_altar_hornbeckon, st_stairs_4, minmay_misc_feat_x
D:2:      layout_rooms, serial_shops, nicolae_shop_advertising_works
          [nicolae_subvault_shop_adworks], corexii_leaking_fountain,
          uniq_natasha
D:3:      layout_basic, st_stairs_11
D:4:      layout_basic, serial_rivers, chequers_serial_rivers_room_b,
          chequers_serial_rivers_marsh, chequers_serial_rivers_room_a,
          chequers_serial_rivers_small_3, uniq_sigmund
D:5:      layout_gridville, temple_doors_e, uniq_ijyb, uniq_edmund, uniq_duvessa
D:6:      layout_rooms, kb_rosetta

Skill      XL: |  1  2  3  4  5  6  7  8 |
---------------+-------------------------+-----
Stealth        | 3 4 5 |  5.0
Conjurations   | 2 3 4 5 |  5.1
Spellcasting   | 4 5 |  5.1
Fighting       | 1 2 |  2.2
Short Blades   | 1 2 |  2.3
Evocations     | 2 |  2.8
Dodging        | 3 |  3.0
Poison Magic   | 1 |  1.2
Summonings     | |  1.8
Translocations | |  1.1
Fire Magic     | |  0.1
Air Magic      | |  0.9

Action                   |  1- 3 |  4- 6 |  7- 9 || total
-------------------------+-------+-------+-------++-------
Melee: Dagger            |    23 |    44 |    22 ||    89
       Tentacles         |     7 |    13 |     7 ||    27
       Constrict         |     7 |    14 |     5 ||    26
 Cast: Magic Dart        |    85 |    49 |     7 ||   141
       Call Imp          |     1 |     4 |     1 ||     6
       Mephitic Cloud    |       |     6 |     5 ||    11
       Conjure Flame     |       |       |     8 ||     8
       Blink             |       |       |     3 ||     3
Evoke: Wand              |       |     1 |     2 ||     3
  Use: Potion            |       |       |     1 ||     1
 Stab: Sleeping          |     2 |     2 |     2 ||     6
Armor: Skin              |     2 |    12 |    12 ||    26
Dodge: Dodged            |    19 |    38 |    18 ||    75
